 Dungeon Crawl Stone Soup version 0.27.0-1-g7a089689b8 (webtiles) character file.

Game seed: 35620803950759136

99 MajorAdolf the Skirmisher (level 4, 0/42 HPs)
             Began as a Naga Wanderer on Aug 9, 2021.
             Slain by an orc (5 damage)
             ... on level 4 of the Dungeon.
             The game lasted 00:05:18 (3266 turns).

MajorAdolf the Skirmisher (Naga Wanderer)           Turns: 3266, Time: 00:05:19

Health: 0/42       AC:  2    Str: 14    XL:     4   Next: 72%
Magic:  5/6        EV:  9    Int: 14    God:
Gold:   32         SH:  0    Dex: 10    Spells: 2/6 levels left

rFire    . . .     SeeInvis +     - Unarmed
rCold    . . .     Faith    .   (no shield)
rNeg     . . .     Spirit   .   d - +0 robe
rPois    +         Reflect  .   (no helmet)
rElec    .         Harm     .   (no cloak)
rCorr    .         Rampage  .   (no gloves)
Will     .....                  (no barding)
Stlth    ++........             (no amulet)
HPRegen  0.14/turn              (no ring)
MPRegen  0.10/turn              (no ring)

@: very slightly contaminated, very slow
A: AC +1, large, see invisible, deformed body, poison resistance, slowness 2,
spit poison 1, naga tail 1
a: Spit Poison


You were on level 4 of the Dungeon.
You visited 1 branch of the dungeon, and saw 3 of its levels.

You collected 32 gold pieces.

Inventory:

Armour
 d - a +0 robe (worn)
Scrolls
 c - a scroll of amnesia {unknown}
 e - 3 scrolls of vulnerability {unknown}
 f - a scroll of identify {unknown}
 h - 2 scrolls of teleportation {unknown}
Potions
 a - 3 potions of curing {unknown}
 g - a potion of berserk rage {unknown}
 i - a potion of attraction {unknown}
Miscellaneous
 b - a condenser vane


   Skills:
 - Level 3.0 Fighting
 - Level 2.0 Polearms
 - Level 1.7 Stealth
 + Level 2.5 Unarmed Combat
 + Level 1.7 Spellcasting
 - Level 1.0 Hexes
 + Level 1.5 Transmutations
 + Level 2.8 Poison Magic
 - Level 1.0 Evocations


You had 2 spell levels left.
You knew the following spells:

 Your Spells              Type           Power      Damage    Failure   Level
a - Beastly Appendage     Tmut           10%        N/A       13%         1
b - Spider Form           Tmut/Pois      3%         N/A       30%         3

Your spell library contained the following spells:

 Spells                   Type           Power      Damage    Failure   Level
 Wereblood                Tmut           5%         N/A       19%         2
 Slow                     Hex            4%         N/A       24%         2
 Confusing Touch          Hex            4%         N/A       43%         3
 Vampiric Draining        Necr           0%         2d6       58%         3


Dungeon Overview and Level Annotations

Branches:
Dungeon (2/15)

Altars:


Innate Abilities, Weirdness & Mutations

Your serpentine skin is tough. (AC +1)
You have supernaturally acute eyesight. (SInv)
Armour fits poorly on your strangely shaped body.
Your system is resistant to poisons. (rPois)
You cover ground very slowly.
You can spit poison.
You have a snake-like lower body.


Message History

You miss the hound.
You headbutt the hound, but do no damage.
The hound is severely wounded.
The hound bites you. The orc hits you with a +0 whip.
Unknown command.
You hit the hound.
The hound is almost dead.
The hound bites you. The orc misses you. The hound bites you.
* * * LOW HITPOINT WARNING * * *
You hit the hound but do no damage.
The hound is almost dead.
The hound bites you.
* * * LOW HITPOINT WARNING * * *
The orc closely misses you.
Unknown command.
You miss the hound.
The hound is almost dead.
Your horns disappear.
The hound bites you but does no damage. The orc hits you with a +0 whip.
* * * LOW HITPOINT WARNING * * *
The hound closely misses you.
Unknown command.
Okay, then.
You can't do that yet.
Casting: Beastly Appendage (safe; 14% risk of failure)
Press: ? - help, Q - select action, (/) - cycle Dir - look around, f - activate
Okay, then.
You completely miss the hound.
The hound is almost dead.
You kill the hound!
The orc closely misses you.
Unknown command.
Casting: Beastly Appendage (safe; 13% risk of failure)
Confirm with . or Enter, or press ? or * to list all spells.
You miscast Beastly Appendage.
You are very lightly contaminated with residual magic.
Nothing appears to happen.
You have got your breath back.
The orc hits you with a +0 whip.
You die...

.# .. . ##.##
.. ##...##
...#?....#####
..<..........
..........#
#...# ###@#
#o# #.# #..
... #... ....
#$..#


You could see an orc.

Vanquished Creatures
  A hound (D:4)
  A worm (D:2)
  3 dart slugs
  4 orcs (D:2)
  4 endoplasms
  4 giant cockroaches
  3 goblins
  5 hobgoblins
  4 jackals (D:2)
  3 quokkas
  5 ball pythons (D:1)
  7 bats
  3 frilled lizards
  2 kobolds (D:1)
  A rat (D:1)
50 creatures vanquished.

Notes
Turn   | Place    | Note
-------+----------+-------------------------------------------
     0 | D:1      | MajorAdolf the Naga Wanderer began the quest for the Orb.
     0 | D:1      | MajorAdolf set off with the following items: a +0 spear, a
                  | condenser vane, a potion of lignification, a +0 robe
     0 | D:1      | Reached XP level 1. HP: 21/21 MP: 2/2
    79 | D:1      | Learned a level 1 spell: Beastly Appendage
   183 | D:1      | Reached skill level 1 in Unarmed Combat
   386 | D:1      | Reached XP level 2. HP: 27/28 MP: 1/3
  1128 | D:1      | Reached XP level 3. HP: 29/34 MP: 2/4
  1142 | D:1      | Learned a level 3 spell: Spider Form
  2133 | D:2      | Reached skill level 1 in Transmutations
  2471 | D:2      | Found a faded altar of an unknown god.
  2564 | D:2      | Reached XP level 4. HP: 13/42 MP: 4/6
  3252 | D:2      | You fall into a shaft and drop 2 floors!
  3266 | D:4      | Slain by an orc

Illustrated notes

Levels and vault maps discovered:
D:1:      dpeg_arrival_orchard, layout_loops_ring, minmay_split_cup_small
D:2:      layout_loops_ring, shapermc_ecumenical_altar_hornbeckon,
          grunt_ministairs_10
D:4:      layout_loops_ring

Skill      XL: |  1  2  3 |
---------------+----------+-----
Unarmed Combat | 1 2 |  2.5
Poison Magic   | 2 |  2.8
Transmutations | 1 |  1.5
Fighting       | |  3.0
Polearms       | |  2.0
Stealth        | |  1.7
Spellcasting   | |  1.7
Hexes          | |  1.0
Evocations     | |  1.0

Action                   |  1- 3 |  4- 6 || total
-------------------------+-------+-------++-------
Melee: Spear             |    15 |       ||    15
       Unarmed           |   144 |    27 ||   171
       Headbutt          |    16 |     3 ||    19
       Punch             |     1 |       ||     1
 Cast: Beastly Appendage |    32 |     8 ||    40
 Abil: Spit Poison       |     3 |     7 ||    10
  Use: Potion            |     1 |       ||     1
 Stab: Sleeping          |       |     1 ||     1
Armor: Robe              |    34 |     2 ||    36
       Skin              |     5 |       ||     5
Dodge: Dodged            |    87 |    17 ||   104
